Map: Invader LE

Players

blackxored - Winner!

  • Race: Zerg Zerg
  • League: Platinum

tafkap

  • Race: Zerg Zerg
  • League: Platinum

VOD

Have the link to the VOD?

Description

Time

  • Played on: June 26, 2016, 5:31 p.m.
  • Length: 17:55
Show
View Real Time Build Order
Export as new Build Order

blackxored Zerg - Winner!

Build Orders: Hatch First 

Get SALT Encoding   

  12  0:01  Drone  
  13  0:10  Drone  
  14  0:18  Overlord  
  14  0:25  Extractor, Drone  
  15  0:37  Drone x2  
  17  0:53  Hatchery  
  17  0:56  Drone  
  17  0:59  Drone  
  18  1:10  Extractor  
  17  1:15  Spawning Pool  
  17  1:18  Drone  
  17  1:21  Drone  
  18  1:25  Extractor  
  18  1:28  Drone  
  18  1:45  Drone  
  19  1:54  Overlord  
  19  2:04  Zergling x2  
  19  2:05  Queen  
  19  2:06  Queen  
  19  2:07  Zergling x2  
  25  2:14  Zergling x2  
  26  2:25  Drone  
  26  2:26  Drone  
  28  2:39  Drone  
  28  2:41  Baneling Nest  
  28  2:48  Metabolic Boost  
  28  2:54  Drone x5  
  32  3:27  Baneling  
  32  3:28  Baneling x2  
  32  3:31  Queen  
  34  3:41  Zergling x2  
  34  3:42  Zergling x2  
  34  3:43  Overlord x3, Hatchery  
  35  4:02  Baneling x2  
  34  4:10  Drone, Lair  
  34  4:11  Drone x2  
  34  4:15  Drone x8  
  45  4:29  Drone x3  
  48  4:45  Drone  
  48  4:46  Extractor  
  48  4:47  Extractor, Drone x2  
  48  4:48  Drone x5  
  54  4:55  Queen  
  56  5:14  Drone  
  56  5:15  Spire  
  56  5:20  Drone  
  56  5:21  Extractor, Drone x3  
  59  5:27  Overseer  
  58  5:28  Overlord  
  58  5:35  Extractor  
  57  5:36  Drone x2  
  57  5:37  Drone x2  
  57  5:40  Drone x4  
  65  5:47  Zergling x16  
  73  5:53  Zergling x2  
  65  6:05  Evolution Chamber x2  
  65  6:07  Evolution Chamber  
  61  6:11  Evolution Chamber  
  61  6:12  Evolution Chamber  
  59  6:23  Overlord x2  
  59  6:24  Overlord x2  
  59  6:29  Mutalisk x4  
  67  6:45  Mutalisk x7  
  81  7:02  Mutalisk  
  83  7:09  Zerg Flyer Armor Level 1  
  83  7:25  Mutalisk  
  85  7:37  Hatchery  
  85  7:38  Mutalisk x2  
  88  7:49  Mutalisk  
  90  7:54  Zergling x4  
  92  8:04  Overseer  
  92  8:06  Overlord x4  
  83  8:39  Mutalisk x2  
  83  8:40  Mutalisk x3  
  93  8:48  Drone  
  94  8:49  Drone  
  94  8:50  Drone  
  96  8:58  Mutalisk  
  98  9:03  Zerg Flyer Weapons Level 1  
  99  9:10  Drone x4  
  99  9:11  Drone  
  103  9:20  Mutalisk  
  103  9:21  Mutalisk x2  
  109  9:26  Hatchery  
  108  9:32  Zergling x8  
  112  9:40  Mutalisk x2  
  113  9:54  Mutalisk  
  113  9:55  Mutalisk x2  
  115  10:01  Mutalisk  
  117  10:12  Zergling x10  
  122  10:19  Mutalisk x2  
  126  10:30  Mutalisk  
  126  10:31  Mutalisk  
  126  10:33  Overseer  
  123  11:04  Mutalisk x5  
  133  11:13  Mutalisk  
  133  11:16  Overlord x4  
  133  11:17  Overlord  
  135  11:21  Baneling x2  
  135  11:29  Overlord x2  
  135  11:30  Overlord  
  135  11:37  Zerg Flyer Armor Level 2  
  135  11:38  Mutalisk x2  
  139  11:42  Drone x9  
  148  11:52  Baneling x3, Mutalisk  
  150  11:56  Extractor, Drone x3  
  150  11:57  Extractor  
  151  12:06  Overlord  
  151  12:08  Mutalisk x2  
  151  12:09  Mutalisk  
  151  12:12  Hatchery  
  158  12:22  Drone x2  
  158  12:23  Drone x6  
  158  12:27  Mutalisk x2  
  168  12:39  Hatchery x2  
  166  12:45  Mutalisk x2  
  166  12:48  Overlord x2  
  170  13:02  Baneling x2  
  146  13:29  Mutalisk  
  146  13:30  Mutalisk x2  
  152  13:39  Zergling x8  
  152  13:40  Zergling x2  
  157  13:48  Drone x2  
  159  13:49  Drone  
  159  13:52  Drone  
  159  13:53  Zerg Flyer Weapons Level 2  
  159  13:54  Drone  
  162  13:56  Drone  
  163  14:04  Overlord  
  163  14:13  Mutalisk x3  
  164  14:18  Zergling x6  
  167  14:32  Zergling x16  
  171  15:14  Hatchery  
  168  15:28  Mutalisk x9  
  154  15:35  Zergling x16  
  176  15:42  Baneling x2  
  176  15:54  Overlord  
  176  15:55  Overlord x4  
  155  16:14  Drone x2  
  155  16:33  Overseer  
  155  16:35  Drone x2  
  153  17:00  Zergling x8  
  153  17:01  Zergling x2  
  155  17:22  Drone x9  
  159  17:32  Drone  
  159  17:33  Drone x2  
  159  17:35  Drone x3  
  159  17:36  Drone  
  166  17:41  Overseer  
Show
View Real Time Build Order
Export as new Build Order

tafkap Zerg 

Build Orders: Hatch First 

Get SALT Encoding   

  12  0:01  Drone  
  13  0:13  Overlord  
  13  0:17  Drone  
  14  0:22  Extractor  
  14  0:23  Drone  
  15  0:32  Drone  
  16  0:43  Drone  
  17  0:55  Hatchery  
  16  0:58  Drone  
  16  1:02  Extractor  
  16  1:14  Evolution Chamber  
  15  1:22  Spawning Pool  
  15  1:25  Drone  
  15  1:29  Drone  
  16  1:33  Drone  
  18  1:48  Drone  
  18  1:49  Overlord  
  19  2:11  Spine Crawler  
  19  2:12  Queen  
  19  2:14  Metabolic Boost  
  20  2:15  Zergling x2  
  20  2:16  Zergling x2  
  20  2:20  Zergling x2  
  23  2:30  Queen  
  25  2:45  Drone x3  
  25  2:47  Baneling Nest  
  27  2:53  Drone x2  
  29  2:59  Drone x2  
  31  3:13  Spine Crawler  
  31  3:14  Zergling x4  
  32  3:22  Drone x2  
  32  3:26  Overlord  
  34  3:36  Drone  
  34  3:38  Drone  
  36  3:46  Baneling  
  36  3:47  Baneling x4  
  36  3:48  Drone x2  
  36  3:49  Drone x3  
  40  4:03  Overlord  
  39  4:11  Evolution Chamber  
  39  4:12  Drone x4  
  39  4:13  Drone  
  43  4:19  Lair  
  43  4:28  Extractor  
  43  4:30  Extractor  
  41  4:32  Zergling x4  
  43  4:43  Hatchery  
  42  4:46  Zerg Melee Weapons Level 1  
  42  4:50  Zergling x6  
  42  4:51  Zergling x8  
  49  4:53  Zergling x6  
  52  5:05  Overlord x3  
  51  5:28  Evolution Chamber  
  50  5:33  Drone x3  
  50  5:34  Drone  
  54  5:38  Drone x3  
  54  5:39  Drone  
  56  5:56  Drone x3  
  56  5:57  Drone x4  
  59  6:03  Overseer  
  60  6:07  Drone  
  60  6:15  Extractor  
  60  6:17  Spire, Drone  
  59  6:23  Queen  
  60  6:26  Drone x5  
  65  6:39  Zerg Ground Armor Level 1  
  65  6:43  Baneling x3  
  65  6:45  Drone x5  
  70  6:57  Drone x3  
  71  7:12  Spore Crawler x2  
  69  7:17  Spore Crawler  
  69  7:18  Spore Crawler  
  69  7:19  Spore Crawler  
  65  7:23  Spore Crawler  
  65  7:27  Overlord, Spore Crawler  
  65  7:28  Overlord x4, Mutalisk  
  65  7:30  Zerg Flyer Weapons Level 1  
  65  7:35  Extractor  
  64  7:40  Extractor  
  63  7:46  Mutalisk x2  
  63  7:47  Mutalisk x6  
  63  7:48  Mutalisk  
  81  7:56  Spore Crawler  
  80  8:01  Drone x3  
  83  8:07  Mutalisk x2  
  87  8:17  Mutalisk  
  89  8:25  Mutalisk x2  
  93  8:31  Overlord x3  
  93  8:32  Overlord  
  93  8:41  Mutalisk x2  
  93  8:47  Drone x3  
  100  8:48  Drone x2  
  100  8:49  Drone x2  
  100  8:53  Overlord x2  
  104  8:56  Overseer  
  104  9:07  Queen x3  
  110  9:10  Mutalisk x3  
  110  9:11  Mutalisk x2  
  120  9:20  Drone x2  
  120  9:21  Mutalisk  
  124  9:27  Mutalisk  
  124  9:30  Overlord x2  
  124  9:31  Drone x2, Spore Crawler  
  125  9:32  Drone x2  
  125  9:35  Zerg Flyer Armor Level 1  
  129  9:42  Mutalisk  
  129  9:56  Mutalisk x2  
  124  10:07  Mutalisk x2  
  124  10:13  Mutalisk  
  130  10:19  Mutalisk  
  131  10:21  Overlord x3  
  129  10:33  Mutalisk x2  
  129  10:34  Spore Crawler, Mutalisk  
  134  10:36  Zergling x8, Spore Crawler  
  134  10:37  Zergling x10  
  142  10:48  Spore Crawler  
  141  10:58  Mutalisk x4  
  149  11:14  Mutalisk x2  
  149  11:16  Spore Crawler  
  150  11:28  Mutalisk x2  
  150  11:40  Hatchery, Overseer x2  
  150  11:42  Mutalisk x2  
  150  11:49  Mutalisk  
  148  11:56  Zergling x2  
  148  11:57  Zergling x40  
  169  12:08  Spore Crawler  
  168  12:09  Spore Crawler  
  168  12:10  Spore Crawler  
  162  12:18  Mutalisk  
  162  12:19  Mutalisk x4  
  138  12:31  Mutalisk x2  
  138  12:36  Hatchery  
  127  12:40  Mutalisk  
  127  12:56  Zerg Flyer Weapons Level 2  
  127  12:57  Mutalisk  
  128  13:13  Mutalisk  
  128  13:14  Mutalisk x2  
  116  13:22  Zergling x2  
  116  13:23  Zergling x24  
  127  13:31  Mutalisk x3  
  131  13:38  Mutalisk  
  133  13:49  Queen, Drone  
  133  13:53  Mutalisk x2  
  140  13:58  Mutalisk  
  140  14:02  Zergling x8  
  146  14:03  Zergling x14  
  153  14:11  Hatchery  
  153  14:14  Baneling x3  
  153  14:15  Baneling x2  
  151  14:30  Mutalisk x3  
  157  14:39  Mutalisk  
  144  14:47  Zergling x2  
  144  14:48  Zergling x30  
  157  14:54  Mutalisk  
  157  15:01  Mutalisk  
  154  15:25  Mutalisk x4  
  146  15:37  Mutalisk x2  
  145  15:50  Mutalisk x2  
  141  15:59  Drone x7  
  144  16:10  Drone  
  145  16:16  Zergling x2  
  145  16:17  Zergling x16  
  148  16:38  Mutalisk x2  
  152  16:44  Hatchery  
  147  16:52  Mutalisk x4  
  147  16:53  Mutalisk x2  
  148  17:11  Hatchery  
  148  17:14  Mutalisk  
  129  17:33  Zergling x2  
  129  17:34  Zergling x10  
Tags
 
Add a new tag
Caveats
  • Supply blocks, unpowered buildings, or Contaminate may cause inaccurate times.
  • Supply counts are checked every 10 seconds.